 Dungeon Crawl Stone Soup version 0.31.0-11-ge490571c62 (webtiles) character file.

Game seed: 6457496036655039914

7456 night the Destroyer (level 10, -5/62 HPs)
             Began as a Pale Draconian Conjurer on Jan 30, 2024.
             Was an Elder of Hepliaklqana.
             Slain by a yak (7 damage)
             ... on level 10 of the Dungeon.
             The game lasted 00:27:02 (8984 turns).

night the Destroyer (Pale Draconian Conjurer)       Turns: 8984, Time: 00:27:03

Health: -5/62      AC: 12    Str:  9    XL:     10   Next: 94%
Magic:  20/23      EV: 12    Int: 23    God:    Hepliaklqana [****..]
Gold:   572        SH:  0    Dex: 10    Spells: 16/27 levels left

rFire   . . .        I - +4 battleaxe (elec)
rCold   . . .        (shield currently unavailable)
rNeg    . . .        (body armour unavailable)
rPois   .            (helmet restricted)
rElec   .            P - +0 cloak
rCorr   .            (no gloves)
SInv    .            (no boots)
Will    +....        i - amulet of magic regeneration
Stlth   ++           h - +4 ring of protection
HPRegen 0.30/turn    y - ring of willpower
MPRegen 0.58/turn

%: no passive effects
@: no status effects
A: reduced essence, breathe steam, AC +7, unfitting armour, cold-blooded, steam
resistance
a: Breathe Steam, Renounce Religion, Recall Ancestor, Ancestor Identity,
Transference, Idealise


You were on level 10 of the Dungeon.
You worshipped Hepliaklqana.
Hepliaklqana was greatly pleased with you.
You visited 2 branches of the dungeon, and saw 11 of its levels.
You also visited: Sewer and Ossuary.

You collected 572 gold pieces.

Inventory:

Hand Weapons
 G - a +5 flail of protection
 I - a +4 battleaxe of electrocution (weapon)
Missiles
 b - 101 stones
 e - 25 poisoned darts
 f - 4 boomerangs
 K - 5 javelins
 R - 3 silver javelins
 S - a throwing net
Armour
 O - a +0 tower shield
 P - a +0 cloak (worn)
Jewellery
 h - a +4 ring of protection (left hand)
 i - an amulet of magic regeneration (around neck)
 j - an amulet of regeneration
 q - a ring of ice
 y - a ring of willpower (right hand)
 J - a ring of protection from cold
Talismans
 r - a blade talisman
Wands
 C - a wand of flame (25)
Scrolls
 c - 6 scrolls of teleportation
 k - 2 scrolls of enchant weapon
 l - 5 scrolls of vulnerability
 m - 6 scrolls of amnesia
 n - 3 scrolls of revelation
 p - a scroll of enchant armour
 s - 4 scrolls of blinking
 t - 2 scrolls of fog
 w - a scroll of noise
 z - a scroll of immolation
 B - a scroll of summoning
 E - a scroll of fear
 M - a scroll of silence
 N - a scroll of poison
 Q - a scroll of identify
Potions
 a - 4 potions of magic
 d - 2 potions of curing {unknown}
 g - 3 potions of resistance {unknown}
 o - a potion of brilliance {unknown}
 u - 3 potions of invisibility {unknown}
 v - 3 potions of attraction {unknown}
 x - 3 potions of might {unknown}
 A - 3 potions of mutation {unknown}
 D - a potion of haste {unknown}
 F - a potion of berserk rage {unknown}
 H - a potion of heal wounds {unknown}
 L - a potion of lignification {unknown}


   Skills:
 - Level 1.7 Dodging
 - Level 1.7 Stealth
 + Level 9.3 Spellcasting
 + Level 10.6 Conjurations
 - Level 2.0 Translocations
 - Level 2.0 Alchemy
 + Level 8.3 Shapeshifting


You had 16 spell levels left.
You knew the following spells:

 Your Spells              Type           Power      Damage    Failure   Level
a - Magic Dart            Conj           100%       1d8       1%          1
b - Searing Ray           Conj           100%       2d8       1%          2
c - Iskenderun's Mystic   Conj/Tloc      39%        2d9       4%          4
d - Fulminant Prism       Conj/Alch      19%        3d10      4%          4

Your spell library contained the following spells:

 Spells                   Type           Power      Damage    Failure   Level
 Foxfire                  Conj/Fire      100%       2x1d9     1%          1
 Kiss of Death            Conj/Necr      100%       2d13      1%          1
 Sting                    Conj/Alch      100%       1d9       1%          1
 Momentum Strike          Conj/Tloc      78%        3d10      1%          2
 Apportation              Tloc           38%        N/A       2%          1
 Blink                    Tloc           38%        N/A       4%          2
 Lesser Beckoning         Tloc           38%        N/A       4%          2
 Necrotise                Necr           40%        1d6       6%          1
 Summon Small Mammal      Summ           40%        N/A       6%          1
 Ensorcelled Hibernation  Hex/Ice        20%        N/A       9%          2
 Confusing Touch          Hex            10%        N/A       19%         3
 Fugue of the Fallen      Necr           10%        N/A       19%         3
 Anguish                  Hex/Necr       5%         N/A       52%         4
 Dispel Undead            Necr           10%        3d9       52%         4
 Starburst                Conj/Fire      17%        6d6       71%         6
 Plasma Beam              Fire/Air       5%         2x1d15    100%        6


Dungeon Overview and Level Annotations

Branches:
Dungeon (10/15)            Temple (1/1) D:6           Sewer (visited)
Ossuary (visited)
   Lair: D:8-11         Orc: D:9-12

Altars:
Ashenzari
Cheibriados
Dithmenos
Elyvilon
Fedhas
Gozag
Hepliaklqana
Kikubaaqudgha
Makhleb
Nemelex Xobeh
Okawaru
Qazlal
Ru
Sif Muna
Trog
Uskayaw
Vehumet
Wu Jian
Xom
Yredelemnul
Zin
The Shining One

Shops:
D:2 (   D:3 :   D:7 *


Innate Abilities, Weirdness & Mutations

Your life essence is reduced to manifest your ancestor. (-10% HP)
You can breathe blasts of scalding, opaque steam.
Your pale cyan-grey scales are hard. (AC +7)
You cannot fit into any form of body armour.
You are cold-blooded and may be slowed by cold attacks.
You are immune to the effects of steam.


Message History

Casting: Fulminant Prism (dangerous; 4% risk of failure)
Confirm with . or Enter, or press ? or * to list all spells.
Aiming: Fulminant Prism (dangerous; 4% risk of failure)
Press: ? - help, Dir - move target You conjure a prism of explosive energy!
A fulminant prism comes into view.
Ahmose hits the yak with a +0 flail!
Ahmose blocks the yak's attack.
The yak completely misses you.
You hit the yak but do no damage.
The yak is almost dead.
You hit the death yak.
The yak gores Ahmose but does no damage.
The yak snorts and paws the ground.
A death yak comes into view.
Ahmose hits the yak with a +0 flail!
Ahmose blocks the yak's attack.
A yak comes into view.
The death yak gores you.
Your fulminant prism crackles loudly.
You barely miss the yak.
Your tail-slap misses the yak.
The yak is almost dead.
You barely miss the death yak.
Ahmose blocks the yak's attack.
The death yak gores you!
* * * LOW HITPOINT WARNING * * *
The yak gores you!
* * * LOW HITPOINT WARNING * * *
Your fulminant prism explodes!
The blast of energy engulfs the yak!
The yak is moderately wounded.
Ahmose avoids your attack.
The blast of energy engulfs the yak!!
The yak is severely wounded.
The blast of energy engulfs the yak!
The yak is heavily wounded.
The blast of energy engulfs the death yak!
The death yak is moderately wounded.
Ahmose hits the yak with a +0 flail!
The yak dies!
The death yak misses you. The yak gores you.
* * * LOW HITPOINT WARNING * * *
The yak gores you!
You die...

#. ...?. #.#
..... #.#
Y.#... #.#
Y.....
#.###†Y....
#...R......
#..YYY.....
#..@Y......
##..........
#.......)...
#...........
#<..........
#.##+#####..
#.# . #.#
#.#


You could see the friendly Ahmose the knight, 2 death yaks and 5 yaks.

Vanquished Creatures
  A death yak (D:10)
  12 yaks
  A steam dragon (D:8)
  Edmund (D:5)
  2 water moccasins
  An ice beast (D:5)
  A black bear (D:7)
  An orc warrior (D:7)
  4 ogres
  A centaur (D:8)
  2 phantoms
  2 scorpions
  5 bullfrogs
  5 wights
  10 killer bees (D:9)
  A centaur zombie (Ossuary)
  2 bombardier beetles
  A hound (D:7)
  4 orc priests
  A jelly (D:7)
  2 iron imps (D:8)
  2 iguanas
  5 orc wizards
  A hell rat (Sewer)
  2 crocodile zombies (Ossuary)
  3 mummies
  7 gnolls
  12 adders
  A river rat (Sewer)
  A shadow imp (D:6)
  A white imp (D:6)
  3 ufetubi
  3 ribbon worms
  A dart slug (D:2)
  18 orcs
  8 bats
  5 endoplasms
  8 giant cockroaches
  A gnoll zombie (Ossuary)
  2 goblins
  7 hobgoblins
  3 jackals (D:3)
  6 kobolds
  2 quokkas (D:2)
  7 ball pythons
  5 frilled lizards
  A goblin zombie (D:4)
  An orc zombie (D:4)
  9 rats
185 creatures vanquished.

Vanquished Creatures (collateral kills)
  A steam dragon (D:9)
  4 yaks
  3 orc warriors
  A black bear (D:7)
  2 ice beasts (D:6)
  A centaur (D:8)
  3 bullfrogs
  A scorpion (D:5)
  A howler monkey (D:5)
  2 hounds
  A bombardier beetle (D:6)
  An iron imp (D:8)
  2 iguanas (D:6)
  3 orc wizards
  2 crocodile zombies (Ossuary)
  A mummy (Ossuary)
  2 adders (D:6)
  A gnoll (D:4)
  A shadow imp (D:8)
  An ufetubus (D:7)
  4 orcs
  A gnoll zombie (Ossuary)
  A goblin (D:4)
40 creatures vanquished.

Vanquished Creatures (others)
  3 ancestors
  17 fulminant prisms
20 creatures vanquished.

Grand Total: 245 creatures vanquished

Notes
Turn   | Place    | Note
-------+----------+-------------------------------------------
     0 | D:1      | night the Draconian Conjurer began the quest for the Orb.
     0 | D:1      | Reached XP level 1. HP: 14/14 MP: 3/3
   151 | D:1      | Found a faded altar of an unknown god.
   283 | D:1      | Reached XP level 2. HP: 20/20 MP: 1/5
   692 | D:1      | Learned a level 2 spell: Searing Ray
  1262 | D:2      | Reached XP level 3. HP: 26/26 MP: 5/7
  1266 | D:2      | Found a hazy altar of Hepliaklqana.
  1276 | D:2      | Became a worshipper of Hepliaklqana the Forgotten
  1443 | D:2      | Found Ufryilly's Weapon Shop.
  1443 | D:2      | Noticed a +0 demon trident
  1446 | D:2      | Noticed a +0 triple sword
  1756 | D:2      | Reached XP level 4. HP: 32/33 MP: 5/8
  1880 | D:3      | Reached skill level 5 in Conjurations
  2132 | D:3      | Reached XP level 5. HP: 34/38 MP: 4/10
  2329 | D:3      | Found Had Xauq's Book Emporium.
  2356 | D:3      | Reached * piety under Hepliaklqana
  2578 | D:4      | Noticed an ogre
  2579 | D:4      | Noticed an ogre
  2628 | D:4      | Found a glowing drain.
  2643 | Sewer    | Entered a sewer
  2791 | D:4      | Reached skill level 1 in Shapeshifting
  2866 | D:4      | Reached XP level 6. HP: 40/40 MP: 8/12
  2903 | D:4      | Learned a level 4 spell: Iskenderun's Mystic Blast
  2908 | D:4      | Learned a level 4 spell: Fulminant Prism
  3013 | D:4      | Found an ornate altar of the Wu Jian Council.
  3069 | D:4      | Reached skill level 1 in Translocations
  3069 | D:4      | Reached skill level 1 in Alchemy
  3069 | D:4      | Reached skill level 2 in Shapeshifting
  3083 | D:4      | Reached skill level 6 in Conjurations
  3105 | D:4      | Your scales start taking on a pale cyan-grey colour.
  3105 | D:4      | Reached XP level 7. HP: 45/45 MP: 8/13
  3105 | D:4      | Gained mutation: You are immune to the effects of steam.
                  | [Pale Draconian growth]
  3261 | D:4      | Found a sand-covered staircase.
  3266 | Ossuary  | Entered an ossuary
  3283 | Ossuary  | Reached skill level 2 in Translocations
  3286 | Ossuary  | Reached skill level 2 in Alchemy
  3742 | D:4      | Reached skill level 5 in Spellcasting
  3931 | D:5      | Entered Level 5 of the Dungeon
  3980 | D:5      | Reached XP level 8. HP: 51/51 MP: 9/16
  4016 | D:5      | Reached ** piety under Hepliaklqana
  4017 | D:5      | Remembered your ancestor Ahmose as a knight
  4254 | D:5      | Noticed Edmund
  4265 | D:5      | Killed Edmund
  4266 | D:5      | Reached skill level 7 in Conjurations
  5023 | D:6      | Found a staircase to the Ecumenical Temple.
  5052 | Temple   | Entered the Ecumenical Temple
  5072 | D:6      | Reached *** piety under Hepliaklqana
  5108 | D:6      | Reached skill level 5 in Shapeshifting
  5150 | D:6      | Reached XP level 9. HP: 55/55 MP: 14/18
  5242 | D:6      | Reached skill level 8 in Conjurations
  6130 | D:7      | Found Ea-nāṣir's Fine Metal Goods.
  6674 | D:7      | Reached skill level 9 in Conjurations
  6756 | D:8      | Reached XP level 10. HP: 53/62 MP: 3/22
  6798 | D:8      | Found a shimmering blue altar of Sif Muna.
  7070 | D:8      | Found a broken altar of Ashenzari.
  7250 | D:8      | Found a burning altar of Makhleb.
  7269 | D:8      | Reached **** piety under Hepliaklqana
  7781 | D:9      | Reached skill level 10 in Conjurations
  8961 | D:10     | Entered Level 10 of the Dungeon
  8965 | D:10     | Noticed a death yak
  8977 | D:10     | Noticed a death yak
  8978 | D:10     | Killed a death yak
  8983 | D:10     | Noticed a death yak
  8984 | D:10     | HP: 3/62 [yak (12)]
  8984 | D:10     | Slain by a yak

Illustrated notes

Levels and vault maps discovered:
D:1:      dpeg_arrival_castle, layout_basic, ebering_ecumenical_altar_abandoned,
          nrook_uturn
D:2:      layout_basic, basic_altar, serial_shops, nicolae_shop_mannequins,
          kennysheep_pointless_box, roderic_serpentine_path,
          grunt_decor_arrowhead
D:3:      layout_basic, serial_shops, shop
D:4:      layout_cave_pools, lemuel_coloured_pillars_altar,
          nicolae_ossuary_entry_giza, cheibrodos_sewer_entry_sluice
D:5:      layout_layer_cave, minmay_misc_feat_iff, uniq_edmund
D:6:      minmay_chambers_of_threes, layout_basic,
          minmay_temple_entry_mini_moons
D:7:      layout_loops_cross, kennysheep_flooded_box,
          nicolae_ea-nasir_strikes_again
D:8:      layout_rooms, nicolae_ashenzari_panopticon, demons_altar,
          kennysheep_mini_moat, kennysheep_generic_room_8
D:9:      layout_loops_corners, kennysheep_opposing_triangles
D:10:     layout_irregular_city, dpeg_lair_monsters, orc_0_dummy,
          enter_bailey_3, uniq_grum
Temple:   regret_index_temple_chain_breaker

Skill      XL: |  1  2  3  4  5  6  7  8  9 10 |
---------------+-------------------------------+-----
Spellcasting   | 3 4 5 6 8 9 |  9.3
Conjurations   | 5 6 7 9 10 | 10.6
Shapeshifting  | 1 2 3 5 6 8 |  8.3
Translocations | 1 2 |  2.0
Alchemy        | 1 2 |  2.0
Dodging        | |  1.7
Stealth        | |  1.7

Action                     |  1- 3 |  4- 6 |  7- 9 | 10-12 || total
---------------------------+-------+-------+-------+-------++-------
  Melee: Unarmed           |    14 |     8 |     3 |       ||    25
         Tailslap          |       |     1 |    10 |    10 ||    21
         Battleaxe         |       |       |    53 |    77 ||   130
   Cast: Magic Dart        |    54 |    62 |    78 |     2 ||   196
         Searing Ray       |    11 |    16 |    38 |     8 ||    73
         Fulminant Prism   |       |       |     9 |     8 ||    17
         Iskenderun's Myst |       |       |    11 |     8 ||    19
 Invoke: Ancestor Life: Kn |       |       |     1 |       ||     1
Ability: Breathe Steam     |       |       |     1 |       ||     1
    Use: Scroll            |       |     4 |    10 |     1 ||    15
 Armour: Skin              |    22 |    22 |   102 |   106 ||   252
  Dodge: Dodged            |    29 |    23 |   103 |    71 ||   226
